AoeStats
← stabmill

Oasis

509965502Analyzed
3v3 RM · 4d ago on Sep 28, 2026· 67m 36s· 6 players
Game mode
Random Map
Map size
Normal (6 player)
Population
200
Speed
Normal
Resources
Standard
Victory
Conquest
Starting age
Dark Age
Ending age
Imperial Age
RankedLock teamsTeams togetherTeam positionsShared explorationLock speedFull tech treeHidden civsTurbo modeCheats
Victory
Defeat
🇩🇪 Persians · Germany
852
+14
🇨🇱 Vietnamese · Chile
797
+17
🇩🇪 Inca · Germany
727
+20
🇪🇸 Persians · Spain
952
-23
🇦🇷 Vietnamese · Argentina
837
-18
🇪🇸 Spanish · Spain
645
-10
Phenylalaninehydroxylase
0:38 Loom
14:16 Feudal Age
14:43 Double-Bit Axe
14:39 Horse Collar
16:40 Wheelbarrow
16:59 Town Watch
19:26 Gold Mining
19:26 Stone Mining
19:39 Arson
19:56 Scale Mail Armor
20:56 Forging
21:06 Stone Mining
27:02 Castle Age
24:58 Fletching
27:44 Heavy Plow
28:20 Gold Shaft Mining
28:19 Bow Saw
29:17 Caravan
29:58 Stone Shaft Mining
30:32 Squires
31:11 Iron Casting
30:51 Chain Mail Armor
30:32 Bodkin Arrow
36:15 Imperial Age
33:46 Murder Holes
33:36 Treadmill Crane
33:51 Murder Holes
34:43 Masonry
34:55 Ballistics
37:29 Fabric Shields
37:52 Conscription
40:15 Hoardings
41:33 Elite Kamayuk
43:15 Hand Cart
43:02 Town Patrol
43:53 Crop Rotation
44:34 Blast Furnace
47:03 Sappers
49:03 Guilds
49:26 Coinage
49:10 Heated Shot
49:32 Fortified Wall
50:03 Plate Mail Armor
50:31 Siege Engineers
51:50 Bracer
52:03 Fortified Wall
57:29 Banking
elchoromota
8:46 Loom
11:25 Feudal Age
11:59 Man-at-Arms
12:29 Horse Collar
17:45 Double-Bit Axe
18:52 Bloodlines
20:06 Forging
23:18 Gold Mining
26:06 Castle Age
26:23 Wheelbarrow
26:01 Stone Mining
31:45 Chatras
31:55 Husbandry
36:38 Stone Shaft Mining
36:50 Hand Cart
40:51 Imperial Age
39:26 Treadmill Crane
39:42 Murder Holes
40:07 Ballistics
39:57 Masonry
39:38 Heated Shot
40:02 Scale Barding Armor
40:33 Iron Casting
43:31 Chain Barding Armor
43:01 Fletching
43:12 Padded Archer Armor
45:48 Chemistry
47:44 Elite Battle Elephant
50:18 Bow Saw
49:55 Town Watch
50:33 Paper Money
51:50 Town Patrol
53:14 Caravan
53:44 Coinage
53:25 Guilds
56:23 Two-Man Saw
56:17 Capped Ram
57:51 Banking
58:39 Elite Rattan Archer
66:46 Leather Archer Armor
66:27 Bodkin Arrow
67:07 Plate Barding Armor
66:33 Scale Mail Armor
Animal
1:18 Loom
14:08 Feudal Age
20:43 Castle Age
20:19 Horse Collar
23:22 Double-Bit Axe
24:20 Wheelbarrow
23:49 Heavy Plow
27:32 Caravan
28:57 Hand Cart
29:00 Bow Saw
29:03 Gold Mining
33:15 Gold Shaft Mining
37:05 Imperial Age
35:04 Kamandaran
36:00 Forging
35:55 Scale Barding Armor
36:08 Pikeman
36:49 Squires
36:34 Arson
37:47 Iron Casting
37:12 Scale Mail Armor
37:17 Padded Archer Armor
37:07 Fletching
37:47 Conscription
36:48 Elite War Elephant
38:39 Two-Man Saw
39:38 Crop Rotation
40:32 Blast Furnace
39:53 Chain Barding Armor
39:30 Bodkin Arrow
39:51 Leather Archer Armor
39:51 Chain Mail Armor
39:37 Bodkin Arrow
39:58 Leather Archer Armor
39:05 Halberdier
41:05 Husbandry
41:15 Bloodlines
41:45 Plate Mail Armor
41:15 Stone Mining
41:12 Crossbowman
41:58 Thumb Ring
44:24 Plate Barding Armor
44:25 Ring Archer Armor
43:41 Town Watch
44:00 Heavy Camel Rider
44:00 Cavalier
46:11 Ballistics
46:51 Chemistry
45:47 Murder Holes
46:02 Masonry
47:09 Stone Shaft Mining
45:58 Savar
46:00 Light Cavalry
46:46 Hussar
52:03 Architecture
stabmill
9:32 Loom
12:33 Feudal Age
19:00 Castle Age
17:19 Double-Bit Axe
21:12 Bow Saw
20:45 Horse Collar
23:46 Heavy Plow
25:45 Gold Mining
25:50 Stone Mining
27:08 Caravan
30:16 Wheelbarrow
31:37 Coinage
35:13 Fletching
35:24 Padded Archer Armor
36:20 Hand Cart
35:51 Town Watch
36:09 Bodkin Arrow
37:01 Leather Archer Armor
36:09 Elite Skirmisher
37:16 Scale Mail Armor
37:34 Forging
37:31 Scale Barding Armor
36:55 Crossbowman
38:51 Murder Holes
39:07 Masonry
39:19 Ballistics
39:10 Fortified Wall
42:10 Imperial Age
39:41 Town Patrol
40:18 Iron Casting
39:58 Chain Mail Armor
42:07 Chatras
42:45 Thumb Ring
43:51 Two-Man Saw
43:24 Crop Rotation
43:59 Chemistry
42:40 Treadmill Crane
43:06 Siege Engineers
43:40 Ring Archer Armor
43:13 Imperial Skirmisher
43:15 Arbalester
43:18 Pikeman
44:02 Squires
43:48 Arson
44:23 Chain Mail Armor
44:44 Guilds
45:05 Banking
44:54 Bracer
45:15 Chain Barding Armor
45:43 Stone Shaft Mining
47:37 Elite Battle Elephant
50:10 Paper Money
50:36 Hoardings
51:38 Halberdier
51:39 Elite Fire Lancer
54:49 Plate Mail Armor
54:54 Plate Barding Armor
54:28 Arrowslits
62:37 Man-at-Arms
aaroncete3666
11:16 Feudal Age
12:19 Loom
15:39 Castle Age
13:56 Double-Bit Axe
14:15 Horse Collar
17:50 Bow Saw
23:39 Stone Mining
29:26 Coinage
28:57 Caravan
29:55 Scale Barding Armor
30:01 Forging
31:06 Chain Barding Armor
30:56 Forging
30:53 Heavy Plow
30:46 Gold Mining
31:32 Stone Shaft Mining
35:43 Imperial Age
35:42 Husbandry
35:53 Bloodlines
36:59 Conscription
36:59 Citadels
37:44 Iron Casting
37:44 Plate Barding Armor
36:42 Cavalier
39:27 Blast Furnace
39:59 Savar
41:32 Elite War Elephant
45:07 Pikeman
45:47 Squires
45:33 Arson
45:49 Halberdier
49:47 Scale Mail Armor
59:37 Banking
59:17 Guilds
Señor Swansong
10:36 Loom
12:33 Feudal Age
15:09 Loom
16:00 Wheelbarrow
15:11 Town Watch
20:43 Castle Age
18:55 Double-Bit Axe
22:30 Bow Saw
21:46 Man-at-Arms
22:12 Gambesons
21:50 Pikeman
22:31 Squires
22:26 Horse Collar
24:55 Hand Cart
25:06 Padded Archer Armor
24:58 Fletching
26:11 Town Patrol
26:52 Caravan
28:31 Elite Skirmisher
29:27 Long Swordsman
30:48 Forging
30:39 Scale Mail Armor
30:34 Bodkin Arrow
30:55 Leather Archer Armor
32:55 Thumb Ring
32:45 Arson
34:31 Heavy Plow
39:59 Imperial Age
41:51 Chemistry
41:27 Block Printing
43:26 Murder Holes
44:01 Ballistics
43:49 Inquisition
45:48 Coinage
47:34 Halberdier
50:25 Two-Handed Swordsman
52:51 Imperial Skirmisher
57:20 Supremacy
57:49 Elite Conquistador
63:04 Champion
Connection lost

Rejoining the realm…

Still unreachable

The connection could not be restored.

Session expired

The server has moved on; the page needs a fresh start.